 Dungeon Crawl Stone Soup version 0.26.0-5-gb5863c6483 (webtiles) character file.

Game seed: 2090249659900081187

642 Descartes the Blocker (level 7, 0/52 HPs)
             Began as a Formicid Fighter on Jan 10, 2021.
             Slain by a killer bee (5 damage)
             ... on level 4 of the Dungeon.
             The game lasted 00:07:49 (4358 turns).

Descartes the Blocker (Formicid Fighter)            Turns: 4358, Time: 00:07:50

Health: 0/52       AC:  9    Str: 20    XL:     7   Next: 81%
Magic:  7/7        EV:  8    Int: 14    God:
Gold:   239        SH: 17    Dex: 12    Spells: 6/6 levels left

rFire    . . .     SeeInvis +   a - +0 long sword
rCold    . . .     Faith    .   t - +0 tower shield
rNeg     . . .     Spirit   .   l - +4 ring mail
rPois    .         Reflect  .   (helmet unavailable)
rElec    .         Harm     .   (no cloak)
rCorr    .         Rampage  .   (no gloves)
Will     .....                  (no boots)
Stlth    +.........             (no amulet)
HPRegen  0.17/turn              s - +6 ring of intelligence
MPRegen  0.10/turn              (no ring)

@: mighty, lethally poisoned (0 -> -10)
A: permanent stasis, dig shafts and tunnels, four strong arms, antennae 3
a: Dig, Shaft Self


You were on level 4 of the Dungeon.
You visited 1 branch of the dungeon, and saw 5 of its levels.

You collected 239 gold pieces.

Inventory:

Hand Weapons
 a - a +0 long sword (weapon)
 c - a +0 war axe
 v - a +1 dagger of electrocution
Missiles
 e - 99 stones
 n - 34 sling bullets
 o - 45 arrows
 r - 44 bolts
 x - 3 boomerangs
Armour
 l - a +4 ring mail (worn)
 t - a +0 tower shield (worn)
 y - a +1 leather armour of willpower
Jewellery
 s - a +6 ring of intelligence (left hand)
Wands
 A - a wand of iceblast (10)
Scrolls
 h - 2 scrolls of teleportation {unknown}
 i - 4 scrolls of remove curse {unknown}
 j - 3 scrolls of random uselessness {unknown}
 k - 2 scrolls of immolation {unknown}
 m - 5 scrolls of identify {unknown}
Potions
 b - a potion of ambrosia {unknown}
 d - a potion of might
 f - a potion of curing {unknown}
 g - 3 potions of heal wounds
 p - 2 potions of haste {unknown}
 q - a potion of flight {unknown}
 u - a potion of brilliance {unknown}
 w - a potion of magic {unknown}
 z - a potion of resistance {unknown}
 B - a potion of invisibility {unknown}


   Skills:
 - Level 3.2 Fighting
 - Level 2.0 Long Blades
 - Level 3.2 Armour
 + Level 10.1 Shields


You had 6 spell levels left.
You didn't know any spells.
Your spell library contained the following spells:

 Spells                   Type           Power        Failure   Level
 Magic Dart               Conj           0%           80%         1
 Sandblast                Erth           0%           80%         1
 Call Imp                 Summ           0%           90%         2
 Passwall                 Tmut/Erth      0%           90%         2
 Slow                     Hex            0%           90%         2
 Conjure Flame            Conj/Fire      0%           99%         3
 Mephitic Cloud           Conj/Pois/Air  0%           99%         3
 Stone Arrow              Conj/Erth      0%           99%         3
 Petrify                  Tmut/Erth      0%           100%        4
 Lee's Rapid Deconstruct  Erth           0%           100%        5
 Blink                    Tloc           Unusable     N/A         2

Dungeon Overview and Level Annotations

Branches:
Dungeon (5/15)
 Temple: D:4-7

Altars:


Innate Abilities, Weirdness & Mutations

You cannot be hasted, slowed, berserked, paralysed or teleported.
You can dig through walls and to a lower floor.
Your four strong arms can wield two-handed weapons with a shield.
You have a pair of large antennae on your head. (SInv)


Message History

The killer bee stings you. x2
You are more poisoned.
The killer bee poisons you!
You barely miss the killer bee.
You feel sick. You block the killer bee's attack.
The killer bee barely misses you. x2
You barely miss the killer bee.
You feel sick. The killer bee stings you.
* * * LOW HITPOINT WARNING * * *
You block the killer bee's attack.
Unknown command.
You closely miss the killer bee.
You feel sick. The killer bee stings you.
* * * LOW HITPOINT WARNING * * *
You are lethally poisoned!
The killer bee poisons you! You block the killer bee's attack.
The killer bee stings you but does no damage.
You slash the killer bee!
The killer bee is severely wounded.
* * * LOW HITPOINT WARNING * * *
You feel sick. The killer bee barely misses you.
You block the killer bee's attack. The killer bee stings you.
You die...

#.# #.#####.#.# # #.#
#.......#.# #
#.######..#....#.# #
#.#...)...#.##.#.# #
#.#.#####.#..#.#.#####
#.#.#..y..............
#.#.#.#>..............
#.#.#y#...##.###.#.###
#...#@#..........#.#
#####.#.####.#####.#
#.#.........##.#
#.######.##.##.#
#...####.##.##.#
###.#..#.##.##^#
#.#..#.##.##.#
#.#..#.##.##.#
#.#<.#.##.##.#


You could see a killer bee.

Vanquished Creatures
  An ogre (D:4)
  Blork the orc (D:4)
  A scorpion (D:3)
  2 killer bees (D:4)
  2 orc priests (D:4)
  2 orc wizards
  Jessica (D:3)
  Robin (D:3)
  10 adders
  An ooze (D:3)
  An adder skeleton (D:4)
  2 worms (D:3)
  A dart slug (D:1)
  3 leopard geckos
  6 orcs
  6 bats
  3 giant cockroaches
  18 hobgoblins
  7 jackals
  A quokka (D:3)
  A ball python (D:1)
  4 frilled lizards
  13 goblins
  4 kobolds
  A leopard gecko skeleton (D:4)
  8 rats
101 creatures vanquished.

Notes
Turn   | Place    | Note
-------+----------+-------------------------------------------
     0 | D:1      | Descartes the Formicid Fighter began the quest for the Orb.
     0 | D:1      | Reached XP level 1. HP: 18/18 MP: 1/1
    27 | D:1      | Reached skill level 4 in Shields
    37 | D:1      | Reached XP level 2. HP: 14/24 MP: 2/2
   455 | D:1      | Reached XP level 3. HP: 25/29 MP: 3/3
   722 | D:1      | Reached skill level 5 in Shields
  1052 | D:2      | Reached XP level 4. HP: 35/35 MP: 4/4
  1251 | D:2      | Reached skill level 6 in Shields
  1695 | D:3      | Reached XP level 5. HP: 41/41 MP: 5/5
  1819 | D:3      | Noticed Grinder
  2128 | D:3      | Reached skill level 7 in Shields
  2233 | D:3      | Found a faded altar of an unknown god.
  2341 | D:3      | Noticed Jessica
  2351 | D:3      | Killed Jessica
  2562 | D:4      | Noticed Blork the orc
  2585 | D:4      | Killed Blork the orc
  2586 | D:4      | Reached skill level 8 in Shields
  2586 | D:4      | Reached XP level 6. HP: 24/47 MP: 6/6
  3361 | D:4      | Noticed Robin
  3566 | D:3      | Killed Robin
  3747 | D:3      | Reached skill level 9 in Shields
  3747 | D:3      | Reached XP level 7. HP: 46/52 MP: 7/7
  4317 | D:5      | Entered Level 5 of the Dungeon
  4350 | D:4      | Reached skill level 10 in Shields
  4358 | D:4      | Slain by a killer bee

Illustrated notes

Levels and vault maps discovered:
D:1:      matt_arrival_diagonals, layout_loops_cross
D:2:      layout_rooms, chequers_serial_rivers_room_b, minmay_close_crescents
D:3:      layout_rooms, chequers_ecumenical_altar_island, uniq_jessica,
          uniq_grinder
D:4:      layout_basic, serial_park_tiny_1, uniq_robin, uniq_blork_the_orc
D:5:      layout_layer_cave

Skill      XL: |  1  2  3  4  5  6  7 |
---------------+----------------------+-----
Shields        | 4 5 6 8 9 10 | 10.1
Fighting       | |  3.2
Long Blades    | |  2.0
Armour         | |  3.2

Action                   |  1- 3 |  4- 6 |  7- 9 || total
-------------------------+-------+-------+-------++-------
Melee: Long sword        |    90 |   274 |    70 ||   434
  Use: Potion            |       |       |     2 ||     2
Armor: Scale mail        |    61 |    36 |       ||    97
       Ring mail         |       |    46 |    19 ||    65
Dodge: Dodged            |    41 |    79 |    25 ||   145
Block: Kite shield       |    83 |    49 |       ||   132
       Tower shield      |       |   196 |    92 ||   288
       Rpst.: Long sword |    17 |    31 |     3 ||    51
